AoeStats
← Henrik

Arena

510128380Analyzed
3v3 RM · 2d ago on Sep 29, 2026· 28m 10s· 6 players
Game mode
Random Map
Map size
Normal (6 player)
Population
200
Speed
Normal
Resources
Standard
Victory
Conquest
Starting age
Dark Age
Ending age
Imperial Age
RankedLock teamsTeams togetherTeam positionsShared explorationLock speedFull tech treeHidden civsTurbo modeCheats
Victory
Defeat
🇮🇹 Bohemians · Italy
951
+14
🇮🇹 Spanish · Italy
937
+14
🇮🇹 Vietnamese · Italy
764
+22
🇺🇦 Danes · Ukraine
906
-17
🇨🇳 Goths · China
900
-17
🇨🇳 Magyars · China
879
-16
Bov
10:36 Feudal Age
14:32 Castle Age
12:57 Double-Bit Axe
13:16 Horse Collar
19:12 Bow Saw
19:06 Heavy Plow
23:45 Loom
26:34 Ballistics
26:07 Fletching
28:33 Chemistry
27:38 Husbandry
28:15 Wagenburg Tactics
Il Re Topo
12:52 Feudal Age
15:13 Horse Collar
15:22 Double-Bit Axe
21:41 Castle Age
MORPHEUS
8:37 Loom
11:05 Feudal Age
12:34 Loom
16:06 Castle Age
16:16 Horse Collar
23:29 Stone Mining
26:26 Wheelbarrow
Alogib
10:33 Feudal Age
11:00 Double-Bit Axe
17:45 Castle Age
16:14 Horse Collar
17:21 Forging
18:41 Bow Saw
18:44 Heavy Plow
19:28 Squires
20:26 Fervor
22:19 Arson
24:42 Scale Mail Armor
27:05 Iron Casting
26:53 Hamask
Henrik
8:35 Loom
11:09 Feudal Age
11:31 Horse Collar
11:39 Double-Bit Axe
17:54 Castle Age
17:06 Scale Barding Armor
17:56 Bloodlines
18:37 Pikeman
23:58 Bow Saw
24:41 Stone Mining
25:32 Gold Mining
26:15 Heavy Plow
Letty
9:33 Loom
11:58 Feudal Age
12:46 Double-Bit Axe
18:45 Castle Age
17:21 Horse Collar
18:22 Wheelbarrow
22:45 Pikeman
23:17 Gold Mining
24:34 Stone Mining
26:00 Elite Skirmisher
Connection lost

Rejoining the realm…

Still unreachable

The connection could not be restored.

Session expired

The server has moved on; the page needs a fresh start.